 Dungeon Crawl Stone Soup version 0.30-a0-845-g7c6808c8ce (webtiles) character file.

Game seed: 2604306287045222726

60 cheesebisquit the Ruffian (level 3, -2/36 HPs)
             Began as a Troll Fighter on Mar 2, 2023.
             Slain by Sigmund
             ... wielding a +0 scythe
              (8 damage)
             ... on level 2 of the Dungeon.
             The game lasted 00:04:09 (991 turns).

cheesebisquit the Ruffian (Troll Fighter)            Turns: 991, Time: 00:04:10

Health: -2/36      AC:  4    Str: 26    XL:     3   Next: 80%
Magic:  2/2        EV:  8    Int:  4    God:
Gold:   16         SH:  0    Dex:  9    Spells: 2/2 levels left

rFire   . . .      SeeInvis .      - Unarmed
rCold   . . .      Faith    .    b - +0 kite shield
rNeg    . . .      Spirit   .    a - +0 robe
rPois   .          Reflect  .    (helmet restricted)
rElec   .          Rampage  .    (no cloak)
rCorr   .                        (gloves unavailable)
Will    .....                    (boots unavailable)
Stlth   +                        f - amulet of the acrobat
HPRegen 1.06/turn                (no ring)
MPRegen 0.08/turn                (no ring)

@: confused, mighty
A: large, unfitting armour, claws 3, regeneration 1, shaggy fur 1, tough skin 1
a: no special abilities


You were on level 2 of the Dungeon.
You visited 1 branch of the dungeon, and saw 2 of its levels.

You collected 16 gold pieces.

Inventory:

Missiles
 l - 17 stones (quivered)
 m - 6 boomerangs
Armour
 a - a +0 robe (worn)
 b - a +0 kite shield (worn)
Jewellery
 f - an amulet of the acrobat (around neck)
 j - an amulet of magic regeneration
Scrolls
 d - 5 scrolls of identify {unknown}
 g - 2 scrolls of teleportation {unknown}
 h - a scroll of enchant weapon {unknown}
 k - a scroll of immolation {unknown}
Potions
 c - a potion of might


   Skills:
 - Level 2.4 Fighting
 + Level 1.2 Throwing
 - Level 2.4 Dodging
 - Level 2.6 Shields
 + Level 3.8 Unarmed Combat


You had 2 spell levels left.
You didn't know any spells.
Your spell library was empty.

Dungeon Overview and Level Annotations

Branches:
Dungeon (2/15)

Altars:

Annotations:
D:2 Sigmund


Innate Abilities, Weirdness & Mutations

You are too large for most types of armour.
You have claws for hands.
Your natural rate of healing is unusually fast.
You are covered in fur. (AC +1)
You have tough skin. (AC +1)


Message History

A kobold comes into view. It is wielding a +0 short sword.
You throw a boomerang.
You hear some strange, mumbled words.
Something tries to affect you, but you resist.
Something hits you!
You throw a boomerang. The boomerang barely misses the kobold.
Something hits you!
Throw: 3 javelins
Press: ? - help, Q - select action, (/) - cycle Shift-Dir - straight line, f/p - kobold
Aim: a kobold, wielding a +0 short sword (45% to hit)
You throw a javelin. The javelin barely misses the kobold.
The kobold hits you but does no damage. Something hits you.
The kobold hits you but does no damage.
Throw: 2 javelins
Press: ? - help, Q - select action, (/) - cycle Shift-Dir - straight line, f/p - kobold
Aim: a kobold, wielding a +0 short sword (45% to hit)
You throw a javelin. The javelin pierces through the kobold.
The kobold is moderately wounded.
The kobold hits you with a +0 short sword.
Something hits you.
* * * LOW HITPOINT WARNING * * *
Throw: javelin
Press: ? - help, Q - select action, (/) - cycle Shift-Dir - straight line, f/p - kobold
Aim: a kobold, wielding a +0 short sword (moderately wounded, 45% to hit)
You throw a javelin. The javelin pierces through the kobold.
You kill the kobold!
Something hits you.
* * * LOW HITPOINT WARNING * * *
You feel very mighty all of a sudden.
It was a potion of curing.
You feel better. Something hits you!
* * * LOW HITPOINT WARNING * * *
You hear some strange, mumbled words.
You are confused.
You see here a +0 short sword.
You completely miss something. Something hits you.
* * * LOW HITPOINT WARNING * * *
You are too confused!
You bump into the rock wall.
You bump into the rock wall.
Something hits you!
You die...

####.# #.......#
.....# ###.#####
###### >.#####.##
...# .........#
##.# . ...####..#
##.# . .. ###..#
...###. ... #....#
#..##.. .g #.##.#
#..##.####
#.##@##.#
...##.#..#
#..){...#
#.###.#..#
####.#### #.#
#.#..# #........
#.###.#..#
#..###..#
#........#######..#
#####.##....[...(.#
#.....#######.#
#####.# ..


There were no monsters in sight!

Vanquished Creatures
  2 adders (D:2)
  A dart slug (D:1)
  A ball python (D:1)
  2 endoplasms (D:1)
  A giant cockroach (D:2)
  4 goblins
  6 hobgoblins
  2 jackals (D:2)
  5 kobolds
  5 quokkas
  4 bats (D:2)
  2 frilled lizards (D:1)
  2 rats (D:1)
37 creatures vanquished.

Notes
Turn   | Place    | Note
-------+----------+-------------------------------------------
     0 | D:1      | cheesebisquit the Troll Fighter began the quest for the
                  | Orb.
     0 | D:1      | Reached XP level 1. HP: 22/22 MP: 0/0
   167 | D:1      | Reached XP level 2. HP: 29/29 MP: 1/1
   206 | D:1      | Reached skill level 3 in Unarmed Combat
   607 | D:1      | Found a faded altar of an unknown god.
   821 | D:2      | Reached XP level 3. HP: 34/36 MP: 2/2
   850 | D:2      | Reached skill level 1 in Throwing
   973 | D:2      | Noticed Sigmund
   991 | D:2      | Slain by Sigmund

Illustrated notes

Levels and vault maps discovered:
D:1:      dpeg_arrival_arbitrary_c, layout_loops_ring,
          ebering_ecumenical_altar_hall, minmay_tetromino_o2
D:2:      layout_loops_cross, uniq_sigmund

Skill      XL: |  1  2  3 |
---------------+----------+-----
Unarmed Combat | 3 |  3.8
Throwing       | 1 |  1.2
Fighting       | |  2.4
Dodging        | |  2.4
Shields        | |  2.6

Action                     || total
---------------------------++-------
  Melee: Unarmed           ||   107
  Throw: Javelin           ||     4
         Boomerang         ||     4
    Use: Potion            ||     2
   Stab: Sleeping          ||     1
 Armour: Robe              ||    31
  Dodge: Dodged            ||    41
  Block: Kite shield       ||    38

Table legend: (Time is in decaauts)
 A = Elapsed time spent in this place.
 B = Non-inter-level travel time spent in this place.
 C = Inter-level travel time spent in this place.
 D = Time resting spent in this place.
 E = Time spent auto-exploring this place.
 F = Levels seen in this place.
 G = Mean time per level.
                   A        B        C        D        E       F      G
               +--------+--------+--------+--------+--------+-----+--------+
         Total |   1003 |    995 |      8 |      0 |    716 |   2 |  501.5 |
       Dungeon |   1003 |    995 |      8 |      0 |    716 |   2 |  501.5 |
               +--------+--------+--------+--------+--------+-----+--------+

Top non-repeatable levels by time:
     D:1: 702 daAuts
     D:2: 301 daAuts
